 Dungeon Crawl Stone Soup version 0.28-a0-1616-g050a50673c (webtiles) character file.

Game seed: 7956177434285813604

35 Ordine the Magician (level 3, -4/19 HPs)
             Began as a Deep Elf Hedge Wizard on Jan 22, 2022.
             Killed by nerve-wracking pain
             ... invoked by Jessica
              (13 damage)
             ... on level 3 of the Dungeon.
             The game lasted 00:08:45 (2328 turns).

Ordine the Magician (Deep Elf Hedge Wizard)         Turns: 2328, Time: 00:08:45

Health: -4/19      AC:  2    Str:  7    XL:     3   Next: 17%
Magic:  1/11       EV: 13    Int: 20    God:
Gold:   135        SH:  0    Dex: 14    Spells: 2/11 levels left

rFire   . . .      SeeInvis .   a - +0 dagger
rCold   . . .      Faith    .   (no shield)
rNeg    . . .      Spirit   .   b - +0 robe
rPois   .          Reflect  .   c - +0 hat
rElec   .          Harm     .   (no cloak)
rCorr   .          Rampage  .   (no gloves)
Will    .....                   (no boots)
Stlth   ++........              (no amulet)
HPRegen 0.06/turn               (no ring)
MPRegen 0.12/turn               (no ring)

@: no status effects
A: no striking features
a: no special abilities


You were on level 3 of the Dungeon.
You visited 1 branch of the dungeon, and saw 3 of its levels.

You collected 135 gold pieces.

Inventory:

Hand Weapons
 a - a +0 dagger (weapon)
Armour
 b - a +0 robe (worn)
 c - a +0 hat (worn)
Scrolls
 d - 2 scrolls of magic mapping {unknown}
 e - 2 scrolls of identify {unknown}
 f - 2 scrolls of fear {unknown}
 h - a scroll of enchant weapon {unknown}
 j - a scroll of amnesia {unknown}
 m - a scroll of fog {unknown}
 n - a scroll of noise {unknown}
Potions
 g - a potion of attraction {unknown}
 i - a potion of curing
 k - a potion of cancellation {unknown}
 l - a potion of ambrosia {unknown}


   Skills:
 + Level 2.9 Dodging
 + Level 2.7 Stealth
 + Level 4.6 Spellcasting
 * Level 2.0 Conjurations
 + Level 1.5 Summonings
 + Level 1.5 Translocations
 + Level 0.0 Fire Magic
 + Level 0.0 Air Magic
 + Level 0.1 Poison Magic


You had 2 spell levels left.
You knew the following spells:

 Your Spells              Type           Power      Damage    Failure   Level
a - Magic Dart            Conj           48%        1d5       5%          1
b - Blink                 Tloc           22%        N/A       10%         2
c - Conjure Flame         Conj/Fire      8%         6-21      24%         3
d - Mephitic Cloud        Conj/Pois/Air  7%         N/A       26%         3

Your spell library contained the following spells:

 Spells                   Type           Power      Damage    Failure   Level
 Call Imp                 Summ           11%        N/A       10%         2
 Slow                     Hex            16%        N/A       12%         1


Dungeon Overview and Level Annotations

Branches:
Dungeon (3/15)

Altars:

Annotations:
D:3 Jessica, Terence


Message History

The shadow imp hits you.
You hit the shadow imp but do no damage.
The shadow imp is moderately wounded.
The shadow imp closely misses you. The shadow imp gestures at you.
Pain shoots through your body!
Jessica the Apprentice Sorceress comes into view.
She is wielding a +0 dagger.
Casting: Magic Dart (safe; 5% risk of failure)
Confirm with . or Enter, or press ? or * to list all spells.
Aiming: Magic Dart (safe; 5% risk of failure)
Press: ? - help, Shift-Dir - straight line, f/p - shadow imp
Aim: a shadow imp (moderately wounded, 100% to hit)
The magic dart hits the shadow imp.
The shadow imp is heavily wounded.
Jessica shouts!
Jessica mumbles some strange words.
Jessica seems to speed up.
Jessica shouts, "You're disturbing me!
I'll have to kill you!"
Jessica very coldly says, "I hate your company."
Jessica mumbles some strange words.
Jessica blinks!
Casting: Magic Dart (safe; 5% risk of failure)
Confirm with . or Enter, or press ? or * to list all spells.
Aiming: Magic Dart (safe; 5% risk of failure)
Press: ? - help, Shift-Dir - straight line, f/p - shadow imp
Aim: a shadow imp (moderately wounded, 100% to hit)
The magic dart hits the shadow imp.
The shadow imp is heavily wounded.
The shadow imp hits you.
Jessica looks very angry.
The shadow imp grinds its teeth.
It was a potion of curing.
You feel better. The shadow imp hits you.
Jessica casts a spell.
Jessica blinks!
Jessica gestures at you while chanting. You resist with some effort.
Jessica very coldly says, "I hate your company."
Jessica gestures at you while chanting. Pain shoots through your body!
Ouch! That really hurt!
You die...

....###############
..............@...#
.....############.#
... #.# > #.#
########.#
#......#.#
#@####.#.# #..@.5.#
#.##@..# #.##...#
#.##...#
#.#####.##...###
#..............#
##########.########
#<.........#
############


You could see a shadow imp and Jessica (fast).

Vanquished Creatures
  An adder (D:2)
  2 dart slugs
  An endoplasm (D:1)
  A giant cockroach (D:2)
  A goblin (D:1)
  3 hobgoblins
  A quokka (D:1)
  4 ball pythons
  2 bats
  A frilled lizard (D:3)
  3 kobolds
  3 rats
23 creatures vanquished.

Vanquished Creatures (others)
  2 fungi (D:1)
  A plant (D:1)
3 creatures vanquished.

Grand Total: 26 creatures vanquished

Notes
Turn   | Place    | Note
-------+----------+-------------------------------------------
     0 | D:1      | Ordine the Deep Elf Hedge Wizard began the quest for the
                  | Orb.
     0 | D:1      | Reached XP level 1. HP: 10/10 MP: 7/7
   372 | D:1      | Reached XP level 2. HP: 15/15 MP: 4/9
   770 | D:1      | Learned a level 2 spell: Blink
  1243 | D:1      | Found a faded altar of an unknown god.
  1762 | D:2      | Reached XP level 3. HP: 19/19 MP: 4/11
  1766 | D:2      | Learned a level 3 spell: Conjure Flame
  1770 | D:2      | Learned a level 3 spell: Mephitic Cloud
  2275 | D:3      | Noticed Terence
  2310 | D:3      | Noticed Jessica
  2328 | D:3      | Killed from afar by Jessica

Illustrated notes

Levels and vault maps discovered:
D:1:      elethiomel_arrival_fortress_basement, layout_basic,
          shapermc_ecumenical_altar_petra, minmay_tetromino_i4
D:2:      layout_basic, nicolae_underground_beach
D:3:      layout_basic, uniq_jessica, uniq_terence, uniq_ijyb

Skill      XL: |  1  2  3 |
---------------+----------+-----
Conjurations   | 2 |  2.0
Dodging        | |  2.9
Stealth        | |  2.7
Spellcasting   | |  4.6
Summonings     | |  1.5
Translocations | |  1.5
Poison Magic   | |  0.1

Action                   || total
-------------------------++-------
Melee: Dagger            ||    20
 Cast: Magic Dart        ||    65
  Use: Potion            ||     1
Armor: Robe              ||     3
Dodge: Dodged            ||     3

Table legend: (Time is in decaauts)
 A = Elapsed time spent in this place.
 B = Non-inter-level travel time spent in this place.
 C = Inter-level travel time spent in this place.
 D = Time resting spent in this place.
 E = Time spent auto-exploring this place.
 F = Levels seen in this place.
 G = Mean time per level.
                   A        B        C        D        E       F      G
               +--------+--------+--------+--------+--------+-----+--------+
         Total |   2327 |   2135 |    192 |    350 |   1589 |   3 |  775.7 |
       Dungeon |   2327 |   2135 |    192 |    350 |   1589 |   3 |  775.7 |
               +--------+--------+--------+--------+--------+-----+--------+

Top non-repeatable levels by time:
     D:1: 1266 daAuts
     D:2: 986 daAuts
     D:3: 74 daAuts
